 Dungeon Crawl Stone Soup version 0.25-a0-528-g6b7c99946c (webtiles) character file.

Game seed: 17535422824695346152, levelgen mode: classic

422768 EnegeticOcto the Severer (level 22, -9/202 HPs)
             Began as a Deep Dwarf Fighter on Feb 19, 2020.
             Was the Champion of Makhleb.
             Killed from afar by an ancient lich (72 damage)
             ... with an iron shot
             ... on level 5 of the Realm of Zot.
             The game lasted 00:23:42 (16767 turns).

EnegeticOcto the Severer (Deep Dwarf Fighter)      Turns: 16767, Time: 00:23:42

Health: -9/202     AC: 41    Str: 32    XL:     22   Next: 37%
Magic:  3/12       EV: 11    Int:  6    God:    Makhleb [******]
Gold:   1083       SH: 33    Dex: 12    Spells: 21/21 levels left

rFire    + + .     SeeInvis +   M - +14 obsidian axe {vorpal, +Fly SInv *Curse}
rCold    + + +     Gourm    .   O - +10 tower shield of Ignorance {rN+ Int-4}
rNeg     + + .     Faith    .   R - +0 gold dragon scales
rPois    +         Spirit   .   (helmet restricted)
rElec    +         Reflect  .   V - +4 dragonskin cloak
rCorr    .         Harm     +   A - +2 pair of gloves
MR       +++..     Rnd*Rage +   b - +2 pair of boots
Stlth    ..........             h - amulet of harm
HPRegen  0.00/turn              I - +4 ring of protection
MPRegen  0.13/turn              v - ring "Jubuot" {rElec rC+ Str+3 Stlth+}

@: mesmerised, non-regenerating, lightly drained
A: damage resistance, heal wounds, horns 1, molten scales 1, berserk 1, frail 1,
negative energy resistance 1, sense surroundings 3, shaggy fur 1, no
regeneration
}: 3/15 runes: decaying, silver, gossamer
a: Heal Wounds, Minor Destruction, Lesser Servant of Makhleb, Major Destruction,
Greater Servant of Makhleb, Renounce Religion, Evoke Flight


You were on level 5 of the Realm of Zot.
You worshipped Makhleb.
Makhleb was exalted by your worship.
You were very full.

You visited 8 branches of the dungeon, and saw 41 of its levels.
You visited 1 bazaar.
You also visited: Bailey.

You collected 3279 gold pieces.
You spent 2196 gold pieces at shops.

Inventory:

Hand Weapons
 a - a +5 broad axe of freezing
 r - a +4 battleaxe of freezing
 M - the +14 obsidian axe (weapon) {vorpal, +Fly SInv *Curse}
   (You took it off a yaktaur captain on level 5 of the Vaults)

   It inflicts extra damage upon your enemies.
   It lets you see invisible.
   It lets you fly.
   It curses itself when equipped.
Armour
 b - a +2 pair of boots (worn)
 c - a scarf of cloud immunity
 A - a +2 pair of gloves (worn)
 D - +5 fire dragon scales
 J - a scarf of repulsion
 O - the +10 tower shield of Ignorance (worn) {rN+ Int-4}
   (You bought it in a shop in a bazaar)

   It affects your intelligence (-4).
   It protects you from negative energy.
 R - +0 gold dragon scales (worn)
 V - the +4 dragonskin cloak (worn)
   (You took it off Tiamat on level 2 of the Realm of Zot)

   If you remove this armour, your AC will decrease by 6 (41 -> 35).
Jewellery
 h - an amulet of harm (around neck)
 v - the ring "Jubuot" (right hand) {rElec rC+ Str+3 Stlth+}
   (You found it on level 12 of the Dungeon)

   [ring of strength]

   It affects your strength (+3).
   It protects you from cold.
   It insulates you from electricity.
   It makes you more stealthy.
 E - an uncursed ring of protection from fire
 I - a +4 ring of protection (left hand)
 Q - a +2 ring of protection
 S - the amulet of the Ladybird {Faith Str+6 Int+5 Dex-3}
   (You took it off a deep elf demonologist on level 5 of the Vaults)

   [amulet of faith]

   It allows you to gain divine favour quickly.
   It affects your strength (+6).
   It affects your intelligence (+5).
   It affects your dexterity (-3).
 U - an uncursed ring of protection from cold
Wands
 g - a wand of flame (44)
 s - a wand of paralysis (20)
 B - a wand of iceblast (48)
 C - a wand of enslavement (22)
 H - a wand of disintegration (36)
 K - a wand of polymorph (5)
Scrolls
 f - 11 scrolls of remove curse {@r6}
 o - 6 scrolls of teleportation {@r2}
 y - 3 scrolls of immolation {@r4}
 z - 3 scrolls of fog
 F - 2 scrolls of blinking {@r3}
 L - 4 scrolls of identify {@r1}
 T - a scroll of silence
 W - a scroll of brand weapon
Potions
 d - a potion of cancellation
 j - 3 potions of stabbing {@q5}
 k - 2 potions of might {@q3}
 l - 8 potions of heal wounds {@q2}
 m - a potion of resistance {@q6}
 n - 3 potions of haste {@q4}
 p - 5 potions of mutation
 q - 2 potions of berserk rage
 u - 3 potions of brilliance
 w - 5 potions of flight
 x - 5 potions of curing {@q1}
 P - 3 potions of ambrosia
Miscellaneous
 t - a lamp of fire
 G - 2 phantom mirrors
Comestibles
 e - 31 rations


   Skills:
 * Level 19.4(19.2) Fighting
 + Level 19.9(19.8) Axes
 + Level 17.0(16.8) Armour
 - Level 12.7(12.6) Dodging
 * Level 17.5(17.4) Shields
 + Level 19.1(19.0) Invocations


You had 21 spell levels left.
You didn't know any spells.
Your spell library contained the following spells:

 Spells                   Type           Power        Failure   Level  Hunger
 Beastly Appendage        Tmut           #.....       100%        1    ##.....
 Infusion                 Chrm           #...         100%        1    ##.....
 Magic Dart               Conj           #...         100%        1    ##.....
 Sandblast                Erth           #.....       100%        1    ##.....
 Corpse Rot               Necr/Air       N/A          100%        2    ###....
 Passwall                 Tmut/Erth      #.......     100%        2    ###....
 Searing Ray              Conj           #.....       100%        2    ###....
 Shroud of Golubria       Chrm/Tloc      #.....       100%        2    ###....
 Song of Slaying          Chrm           #.......     100%        2    ###....
 Sticks to Snakes         Tmut           #.......     100%        2    ###....
 Dazzling Flash           Conj/Hex       #.....       100%        3    ####...
 Ozocubu's Armour         Chrm/Ice       #.......     100%        3    ####...
 Spectral Weapon          Hex/Chrm       #.......     100%        3    ####...
 Spider Form              Tmut/Pois      #.........   100%        3    ####...
 Stone Arrow              Conj/Erth      #.....       100%        3    ####...
 Fulminant Prism          Conj/Hex       #.........   100%        4    #####..
 Ice Form                 Ice/Tmut       #.......     100%        4    #####..
 Iskenderun's Mystic Bla  Conj/Tloc      #.......     100%        4    #####..
 Petrify                  Tmut/Erth      #.......     100%        4    #####..
 Blade Hands              Tmut           #.........   100%        5    ######.
 Lee's Rapid Deconstruct  Erth           #.........   100%        5    ######.
 Conjure Ball Lightning   Conj/Air       #.........   100%        6    #######


Dungeon Overview and Level Annotations

Branches:
Dungeon (15/15)            Temple (1/1) D:4            Lair (2/6) D:8
  Swamp (4/4) Lair:2       Spider (4/4) Lair:2          Orc (0/2) D:9
 Vaults (5/5) D:14          Crypt (0/3) Vaults:2     Depths (5/5) D:15
    Zot (5/5) Depths:5     Bailey (visited)

Altars:
Elyvilon
Gozag
Hepliaklqana
Kikubaaqudgha
Makhleb
Okawaru
Qazlal
Ru
Trog
Uskayaw
Wu Jian
Yredelemnul
Zin

Shops:
D:7 %   D:10 [%(}   D:11 *:*[   D:14 *

Portals:
Hell: Depths:4

Annotations:
D:5 2 transporters, Tenz's ghost, weakling SpWr
D:13 Snorg
D:15 3 runed translucent doors, kae's ghost, journeyman MiFi
Vaults:3 3 runed translucent doors, Flugslaktarn's ghost, adept DDFi


Innate Abilities, Weirdness & Mutations

You are resistant to damage.
You can heal yourself by infusing magical energy.
You resist negative energy. (rN+)
You passively map a large area around you.
You do not regenerate.
You have a pair of small horns on your head.
You are partially covered in molten scales. (AC +2)
You tend to lose your temper in combat.
You are frail. (-10% HP)
You are covered in fur. (AC +1)


Message History

You feel much better.
The Killer Klown throws klown pie at you.
You block the klown pie.
You feel much better.
The ancient lich mumbles some strange words.
The ancient lich flickers and vanishes for a moment.
The ancient lich touches you but does no damage.
The Killer Klown blinks!
You carve the ancient lich like a ham!!!
You headbutt the ancient lich, but do no damage.
The ancient lich is almost destroyed.
Visions of slaying the ancient lich flood into your mind.
You feel yourself slow down.
The Killer Klown prods your soul eater with a +11 club of venom!
Send 'em back where they came from!
Your soul eater shudders.
You block the ancient lich's attack.
You closely miss the ancient lich.
The ancient lich is almost destroyed.
Your soul eater hits the Killer Klown but does no damage.
The Killer Klown karate-kicks your soul eater but does no damage.
A shadow dragon comes into view.
Your gold dragon scales prevents you from hitting the ancient lich.
Your headbutt misses the ancient lich.
The ancient lich is almost destroyed.
You hit the curse toe but do no damage.
Visions of slaying the curse toe flood into your mind.
The ancient lich points at you and mumbles some strange words.
You easily resist.
The Killer Klown sucker-punches your soul eater but does no damage.
The shadow demon gestures.
Your soul eater misses the Killer Klown.
You slash the ancient lich!
You destroy the ancient lich!
Makhleb accepts your kill.
You feel better.
Your Armour skill increases to level 17!
You hit the curse toe but do no damage.
The Killer Klown trip-wires your soul eater with a +11 club of venom.
Your soul eater dies!
The shadow demon gestures.
You slice the curse toe!! You open a gate to Pandemonium!
A demon appears!
The curse toe is heavily damaged.
The moth of wrath dissolves into shadows!
The moth of wrath angrily waves its antennae.
You slash the Killer Klown!
The Killer Klown is heavily wounded.
You barely miss the Brimstone Fiend. You slice the ancient lich!!
You open a gate to Pandemonium!
A demon appears!
Visions of slaying the Killer Klown flood into your mind.
The Killer Klown blinks! x2
The moth of wrath barely misses your red devil.
You completely miss the ancient lich.
The ancient lich is moderately damaged.
You barely miss the Brimstone Fiend.
Visions of slaying the ancient lich flood into your mind.
The ghost moth stares at you.
You feel your power leaking away. You block the Brimstone Fiend's attack.
The Brimstone Fiend hits you. You block the Brimstone Fiend's attack.
The Killer Klown blinks!
The curse toe calls on the powers of darkness!
Your body is wracked with pain!
The moth of wrath convulses!
The shadow dragon convulses!
The moth of wrath convulses!
The Killer Klown convulses!
The ghost moth convulses!
The Killer Klown blinks!
The shadow dragon breathes negative energy at you.
The bolt of negative energy hits you but does no damage.
You partially resist.
You feel drained.
You hit the ancient lich.
You headbutt the ancient lich, but do no damage.
The ancient lich is moderately damaged.
You hit the Brimstone Fiend but do no damage.
The moth of wrath bites your red devil. The moth of wrath bites your red devil!
The ghost moth stares at you.
You feel your power leaking away.
Your red devil hits the moth of wrath with a +0 trident.
You block the ancient lich's attack.
You block the Brimstone Fiend's attack. x2
The Brimstone Fiend hits you.
The curse toe calls on the powers of darkness!
Your body is wracked with pain!
* * * LOW HITPOINT WARNING * * *
The moth of wrath convulses!
The shadow dragon convulses!
The moth of wrath convulses!
The ghost moth convulses!
The moth of wrath convulses!
You are too injured to fight recklessly!
You are too injured to fight recklessly!
You are too injured to fight recklessly!
You are too injured to fight recklessly!
You are too injured to fight recklessly!
You are too injured to fight recklessly!
You are too injured to fight recklessly!
You are too injured to fight recklessly!
You are too injured to fight recklessly!
You are too injured to fight recklessly!
You are too injured to fight recklessly!
Your magical essence is drained by the effort!
You feel much better. The moth of wrath bites your red devil!
The moth of wrath barely misses your red devil.
The ancient lich casts a spell at you. The iron shot hits you!!!
You die...

,,,,^,,,,,,,,,,,,,,,,*,,^,,,,,,,,
,,,,,,,,,,,,,,,,,,,,,**,,,,,,,,,*
,,,,,,,,,,,,,,,,,,,,,***,,,,,,,**
,,,,,,,,,,,,,,,,,,,,,* *********
,,,,,,,,,,,,,,,,,,,,**
,,,,,,,,,,,^,,,,,,***
,,^,,,,,,,,,,^,****
*,,,,8*#▓▓▓▓▓▓▓▓▓▓▓#
,,,,^,,......)..@Lz###
,,,,,,,......D3##14y.## *
^,,,,,,....§).[.###y2.###########
,,,,,,,.....pp...###yy...........
,,,,,,^.)........# ##............
,,,,,,,..........# #....?^^.....
,,,,,,,..........# ##...........
,,,,,,,..........# #...........
,,,,,,,..........# ##......^....


You could see a Killer Klown, a shadow dragon, an ancient lich (invisible), a
Brimstone Fiend, a curse toe, a ghost moth (invisible), a shadow demon, 3 moths
of wrath, a friendly neqoxec and a friendly red devil.

Vanquished Creatures
  3 orbs of fire (Zot:5)
  2 ancient liches (Zot:5)
  Boris (Depths:4)
  2 Killer Klowns (Zot:5)
  4 caustic shrikes (Depths:5)
  A golden dragon (Zot:5)
  Arachne (Spider:4)
  A bone dragon (Swamp:4)
  An electric golem (Zot:5)
  Jorgrun (D:13)
  9 tentacled monstrosities
  A lich (Vaults:5)
  22 Orb Guardians (Zot:5)
  4 quicksilver dragons
  6 death cobs
  3 shadow dragons
  9 storm dragons
  5 tengu reavers
  4 draconian monks
  7 fire giants
  4 draconian knights
  4 frost giants
  An iron dragon (Depths:3)
  3 emperor scorpions
  3 ghost moths
  2 vault wardens
  Louise (D:14)
  4 draconian scorchers
  2 war gargoyles (Depths:3)
  6 draconian shifters
  4 ironheart preservers
  5 stone giants
  4 draconian annihilators
  A draconian stormcaller (Zot:2)
  3 very ugly things
  A vampire knight (Depths:4)
  An entropy weaver (Spider:1)
  Nessos (D:14)
  7 green draconians
  A deep elf demonologist (Vaults:5)
  5 red draconians
  A lorocyproca (Depths:3)
  4 black draconians
  5 purple draconians
  3 yellow draconians
  4 white draconians
  2 spark wasps
  A deep elf death mage (Vaults:5)
  7 ettins
  4 fire dragons
  A deep elf high priest (Vaults:5)
  8 yaktaur captains
  2 rakshasas
  3 great orbs of eyes
  A large abomination (Vaults:5)
  20 vault guards
  5 ogre magi
  6 hydras
  A shambling mangrove (Swamp:2)
  3 ice dragons
  Erica (Lair:2)
  A dancing weapon (Vaults:5)
  5 centaur warriors
  4 alligators
  A queen ant (shapeshifter) (Depths:3)
  A two-headed ogre (shapeshifter) (Vaults:5)
  4 deep troll shamans
  24 two-headed ogres
  5 death scarabs (Spider:4)
  6 deep troll earth magi
  A vampire mage (Depths:2)
  A titan zombie (Depths:1)
  2 death knights
  2 deep elf knights (Vaults:4)
  Sonja (D:13)
  An iron troll (Depths:5)
  A death drake (Swamp:4)
  A skeletal warrior (D:14)
  A spriggan druid (Swamp:2)
  A glowing orange brain (Vaults:5)
  A death drake (shapeshifter) (Vaults:5)
  A swamp dragon (shapeshifter) (Vaults:5)
  3 wizards
  A flayed ghost (Vaults:4)
  2 spectral hydras (Swamp:4)
  An unseen horror (D:13)
  11 deep trolls
  2 phantasmal warriors (Swamp:4)
  A harpy (Vaults:3)
  A spectral wolf spider (Spider:4)
  5 orc knights
  A golden dragon skeleton (Depths:1)
  4 necromancers
  16 wolf spiders
  5 orb spiders
  2 wolf spider zombies
  12 ugly things
  5 ironbrand convokers
  An orc sorcerer (D:15)
  4 cyclopes
  14 deep elf magi
  A manticore (D:15)
  15 moths of wrath
  5 vault sentinels
  3 centaur zombies
  A naga mage (D:15)
  7 spiny frogs
  A spectral redback (Spider:4)
  3 torpor snails
  5 freezing wraiths
  12 yaktaurs
  An efreet (Depths:3)
  2 gargoyles
  2 komodo dragons
  6 demonic crawlers
  2 swamp worm zombies (Swamp:4)
  4 redback zombies
  A kobold demonologist (D:12)
  5 trolls
  A meliai (Spider:4)
  22 jumping spiders
  3 tyrant leeches
  A blink frog (shapeshifter) (Vaults:5)
  3 blink frogs (Lair:2)
  3 hydra zombies (Swamp:4)
  A spectral tarantella (Spider:4)
  7 alligator zombies (Swamp:4)
  7 slime creatures
  7 bog bodies
  4 hornets
  A spectral jumping spider (Spider:4)
  A spectral swamp dragon (Swamp:4)
  A tarantella zombie (Spider:4)
  A jumping spider zombie (Spider:4)
  A stone giant simulacrum (Vaults:1)
  3 hippogriffs (D:9)
  A snapping turtle (shapeshifter) (Depths:3)
  45 redbacks
  A vampire (D:13)
  A spriggan (D:8)
  A redback (shapeshifter) (Depths:1)
  27 tarantellas
  6 water elementals
  A wraith (D:14)
  A wyvern (D:8)
  19 humans (D:14)
  A basilisk (D:13)
  5 hungry ghosts
  21 vampire mosquitoes
  18 yaks
  2 two-headed ogre zombies (D:9)
  Menkaure (D:5)
  13 insubstantial wisps
  A warg (D:15)
  8 swamp worms
  A soldier ant (D:13)
  2 porcupines
  A spectral hornet (Spider:4)
  Duvessa (D:4)
  2 water moccasins
  4 swamp drakes
  25 orc warriors
  5 phantoms
  5 ice beasts
  7 sky beasts
  4 black bears
  2 necrophages
  2 hornet zombies
  4 swamp dragon zombies (Swamp:4)
  12 centaurs
  14 ogres
  3 boggarts (Depths:2)
  4 crocodiles
  8 big kobolds (D:12)
  12 bullfrogs
  A wyvern skeleton (D:15)
  Dowan (D:4)
  4 scorpions
  4 troll zombies (D:9)
  10 killer bees
  5 wights
  5 electric eels (Bailey)
  A crimson imp (D:13)
  3 quasits
  3 bullfrog skeletons
  2 bullfrog zombies
  9 jellies
  12 orc priests
  5 hounds
  17 orc wizards
  A gnoll shaman (D:4)
  4 centaur skeletons
  A spectral swamp drake (Swamp:4)
  2 iguanas
  Ijyb (D:5)
  17 worker ants
  A killer bee zombie (D:8)
  2 ogre zombies (D:9)
  A howler monkey skeleton (D:6)
  13 gnolls
  11 adders
  5 shadow imps
  A white imp (Vaults:3)
  2 adder skeletons
  An adder zombie (D:8)
  A worm (D:3)
  A dart slug (D:1)
  4 leopard geckos
  63 orcs
  3 bats (D:1)
  6 giant cockroaches
  10 hobgoblins
  2 jackals (D:1)
  3 quokkas
  7 frilled lizards (D:1)
  9 goblins
  2 goblin zombies (D:9)
  A hobgoblin skeleton (D:9)
  7 hobgoblin zombies (D:9)
  A jackal zombie (D:8)
  24 kobolds
  10 kobold skeletons (D:12)
  8 kobold zombies (D:12)
  A leopard gecko skeleton (D:5)
  A leopard gecko zombie (D:8)
  An orc skeleton (D:9)
  14 orc zombies (D:9)
  2 rats
  2 crawling corpses (Vaults:5)
1150 creatures vanquished.

Vanquished Creatures (collateral kills)
  Tiamat (Zot:2)
  An ancient lich (Depths:3)
  A caustic shrike (shapeshifter) (Depths:3)
  A caustic shrike (Depths:5)
  A golden dragon (Depths:3)
  Rupert (D:13)
  3 Orb Guardians (Zot:5)
  A large abomination (Vaults:5)
  A titan (Vaults:5)
  A deep elf blademaster (Depths:3)
  A sphinx (Vaults:5)
  A shadow dragon (Vaults:5)
  4 tengu reavers
  A fire giant (Depths:3)
  2 storm dragons (Vaults:5)
  A draconian monk (Zot:1)
  3 draconian knights
  A vault warden (Vaults:5)
  2 frost giants
  A ghost moth (Spider:4)
  A deep elf sorcerer (Vaults:5)
  An emperor scorpion (Spider:4)
  A draconian shifter (Zot:1)
  A deep elf elementalist (Vaults:5)
  A draconian annihilator (Zot:3)
  A draconian stormcaller (Zot:3)
  A war gargoyle (Vaults:5)
  A stone giant (Depths:2)
  5 black draconians
  5 yellow draconians
  A spark wasp (Spider:4)
  A green draconian (Zot:2)
  2 red draconians
  A fire dragon (Depths:4)
  2 yaktaur captains
  8 vault guards (Vaults:5)
  2 ghost crabs
  4 two-headed ogres (Vaults:5)
  A deep troll earth mage (Depths:5)
  A shock serpent (shapeshifter) (Vaults:5)
  3 death scarabs (Spider:4)
  2 orc high priests (Bailey)
  A storm dragon zombie (Depths:1)
  A deep troll (Vaults:5)
  A spectral hydra (Swamp:4)
  A phantasmal warrior (Vaults:5)
  2 spectral wolf spiders (Spider:4)
  A wolf spider zombie (Spider:4)
  9 orb spiders
  9 wolf spiders
  A deep elf mage (Vaults:5)
  5 moths of wrath
  A torpor snail (Spider:1)
  A spiny frog (Swamp:2)
  4 yaktaurs
  A spectral redback (Spider:4)
  3 demonic crawlers (Spider:4)
  12 jumping spiders
  3 hornets (Spider:4)
  2 spectral swamp dragons (Swamp:4)
  3 spectral tarantellas (Spider:4)
  2 tarantella zombies (Spider:4)
  A redback (shapeshifter) (Depths:3)
  A stone giant simulacrum (Depths:1)
  13 tarantellas
  30 redbacks
  4 insubstantial wisps
  A spectral hornet (Spider:4)
  A hornet zombie (Spider:4)
  3 phantoms (Swamp:4)
  2 ogres (Depths:4)
  An electric eel (Spider:3)
  An orc wizard (D:13)
  A goblin (Bailey)
  3 hobgoblins (Bailey)
200 creatures vanquished.

Vanquished Creatures (others)
  A spectral hydra (Swamp:4)
  A swamp worm (Swamp:2)
  An insubstantial wisp (Swamp:4)
  A hound skeleton (D:10)
4 creatures vanquished.

Grand Total: 1354 creatures vanquished

Notes
Turn   | Place    | Note
-------+----------+-------------------------------------------
     0 | D:1      | EnegeticOcto the Deep Dwarf Fighter began the quest for the
                  | Orb.
     0 | D:1      | Reached XP level 1. HP: 20/20 MP: 1/1
    99 | D:1      | Reached XP level 2. HP: 27/27 MP: 2/2
   273 | D:2      | Reached skill level 1 in Dodging
   319 | D:2      | Reached XP level 3. HP: 24/34 MP: 3/3
   433 | D:4      | Noticed a scorpion
   440 | D:4      | Killed a scorpion
   440 | D:4      | Reached XP level 4. HP: 42/42 MP: 4/4
   442 | D:4      | Noticed Dowan
   443 | D:4      | Noticed Duvessa
   462 | D:4      | Killed Duvessa
   462 | D:4      | Reached XP level 5. HP: 33/50 MP: 5/5
   482 | D:4      | Killed Dowan
   517 | D:4      | Noticed a black bear
   527 | D:4      | Killed a black bear
   527 | D:4      | Reached XP level 6. HP: 47/57 MP: 6/6
   784 | D:4      | Found a staircase to the Ecumenical Temple.
   795 | Temple   | Entered the Ecumenical Temple
   838 | Temple   | Became a worshipper of Makhleb the Destroyer
   942 | D:4      | Reached XP level 7. HP: 45/66 MP: 7/7
  1126 | D:4      | Reached skill level 5 in Axes
  1126 | D:4      | Reached skill level 1 in Invocations
  1390 | D:5      | Entered Level 5 of the Dungeon
  1467 | D:5      | Noticed Menkaure
  1471 | D:5      | HP: 3/66 [Menkaure (15)]
  1480 | D:5      | Killed Menkaure
  1516 | D:5      | Reached skill level 5 in Fighting
  1675 | D:5      | Reached XP level 8. HP: 73/74 MP: 9/9
  1722 | D:5      | Reached * piety under Makhleb
  1755 | D:5      | Noticed Ijyb
  1769 | D:5      | Killed Ijyb
  1769 | D:5      | Reached skill level 5 in Shields
  1870 | D:5      | Reached skill level 5 in Armour
  1912 | D:5      | Found a transporter.
  1916 | D:5      | Noticed a toenail golem
  1934 | D:5      | Identified the +11 spear of the Ancient Wonders {distort,
                  | rN+}
  1935 | D:5      | Noticed Tenz's ghost (weakling SpWr)
  1941 | D:5      | Found a transporter.
  2536 | D:6      | Identified a scroll of acquirement
  2536 | D:6      | Identified the ring of Jealousy {Ice Slay+2} (You acquired
                  | it on level 6 of the Dungeon)
  2562 | D:7      | Gained mutation: You passively map the area around you.
                  | [Deep Dwarf growth]
  2562 | D:7      | Reached XP level 9. HP: 70/82 MP: 10/10
  2566 | D:7      | Reached ** piety under Makhleb
  2632 | D:7      | Found an ornate altar of the Wu Jian Council.
  2935 | D:7      | Found Zain's Food Shop.
  3241 | D:7      | Gained mutation: You are resistant to hostile enchantments.
                  | (MR+) [potion of mutation]
  3241 | D:7      | Gained mutation: You are covered in fur. (AC +1) [potion of
                  | mutation]
  3241 | D:7      | Gained mutation: Your flesh is cold resistant. (rC+)
                  | [potion of mutation]
  3261 | D:8      | Paralysed by a hornet for 2 turns
  3265 | D:8      | Paralysed by a hornet for 1 turns
  3298 | D:8      | Reached skill level 5 in Dodging
  3307 | D:8      | Reached skill level 5 in Invocations
  3488 | D:8      | Noticed a komodo dragon
  3498 | D:8      | Killed a komodo dragon
  3498 | D:8      | Reached XP level 10. HP: 58/93 MP: 12/12
  3542 | D:8      | Reached *** piety under Makhleb
  3554 | D:8      | Found a staircase to the Lair.
  4060 | D:9      | Found a staircase to the Orcish Mines.
  4084 | D:9      | Reached **** piety under Makhleb
  4101 | D:9      | Identified a ring "Athrao Lyics" {+Inv rC+ Str+4 SInv} (You
                  | acquired it on level 9 of the Dungeon)
  4122 | D:9      | Found a flagged portal.
  4139 | Bailey   | Entered a bailey
  4184 | Bailey   | Found an iron altar of Okawaru.
  4184 | Bailey   | Noticed an orc high priest
  4184 | Bailey   | Noticed an orc high priest
  4198 | Bailey   | Killed an orc high priest
  4206 | Bailey   | Killed an orc high priest
  4223 | Bailey   | Noticed an orc knight
  4223 | Bailey   | Noticed an orc knight
  4245 | Bailey   | Killed an orc knight
  4245 | Bailey   | Killed an orc knight
  4245 | Bailey   | Reached XP level 11. HP: 104/104 MP: 13/13
  4341 | Bailey   | Got a bloodstained war axe
  4342 | Bailey   | Identified the +5 war axe "Reunuuv Ceof" {protect, rElec
                  | MR- Str+10 Dex+4} (You found it in a bailey)
  4503 | Bailey   | Reached skill level 10 in Axes
  4886 | D:9      | Noticed a two-headed ogre
  4898 | D:9      | Killed a two-headed ogre
  5488 | D:10     | Entered Level 10 of the Dungeon
  5518 | D:10     | Found Vooxotub's Food Shoppe.
  5567 | D:10     | Found Iriumy's Armour Boutique.
  5573 | D:10     | Bought +1 fire dragon scales for 938 gold pieces
  5774 | D:10     | Found Titolim's Antique Weapon Shoppe.
  5825 | D:10     | Found Veucessa's Gadget Shoppe.
  6247 | D:11     | Found Mutich's Armour Shoppe.
  6301 | D:11     | Found Zocuklon's Antique Armour Emporium.
  6320 | D:11     | Noticed a two-headed ogre
  6330 | D:11     | Killed a two-headed ogre
  6341 | D:11     | Reached ***** piety under Makhleb
  6502 | D:11     | Found Regureum's Book Boutique.
  6506 | D:11     | Found Jotutoq's General Store.
  6562 | D:11     | Found Ewkoe's Assorted Antiques.
  6849 | D:12     | Reached XP level 12. HP: 99/116 MP: 14/14
  6908 | D:12     | Got a faintly glowing golden ring
  6910 | D:12     | Identified the ring "Jubuot" {rElec rC+ Str+3 Stlth+} (You
                  | found it on level 12 of the Dungeon)
  6943 | D:12     | Reached skill level 10 in Fighting
  7037 | D:12     | Found an ancient bone altar of Kikubaaqudgha.
  7042 | D:12     | Reached ****** piety under Makhleb
  7140 | D:13     | Noticed Sonja
  7156 | D:13     | Killed Sonja
  7438 | D:13     | Lost mutation: Your flesh is cold resistant. (rC+) [potion
                  | of mutation]
  7438 | D:13     | Lost mutation: You are resistant to hostile enchantments.
                  | (MR+) [potion of mutation]
  7438 | D:13     | Gained mutation: You have a pair of small horns on your
                  | head. [potion of mutation]
  7438 | D:13     | Gained mutation: You are partially covered in molten
                  | scales. (AC +2) [potion of mutation]
  7668 | D:13     | Noticed Rupert
  7678 | D:13     | Killed Rupert
  7715 | D:13     | Noticed Jorgrun
  7724 | D:13     | Killed Jorgrun
  7813 | D:14     | Noticed Louise
  7813 | D:14     | Noticed Snorg
  7903 | D:14     | Killed Louise
  7903 | D:14     | Reached skill level 10 in Invocations
  7910 | D:14     | Reached XP level 13. HP: 127/127 MP: 14/14
  8063 | D:14     | Found a gate to the Vaults.
  8080 | D:14     | Reached skill level 10 in Armour
  8169 | D:14     | Noticed an angel
  8170 | D:14     | Found a glowing silver altar of Zin.
  8199 | D:14     | Found Ramujon's Assorted Antiques.
  8227 | D:14     | Noticed Nessos
  8232 | D:14     | Killed Nessos
  8396 | D:14     | Reached skill level 10 in Dodging
  8465 | D:15     | Entered Level 15 of the Dungeon
  8712 | D:15     | Gained mutation: You resist negative energy. (rN+) [Deep
                  | Dwarf growth]
  8712 | D:15     | Reached XP level 14. HP: 137/138 MP: 16/16
  8781 | D:15     | Found a runed translucent gate.
  8781 | D:15     | Found a runed translucent gate.
  8781 | D:15     | Found a runed translucent gate.
  8783 | D:15     | Noticed kae's ghost (journeyman MiFi)
  8937 | D:15     | Identified the +5 morningstar of Conscience {vorpal, rC-
                  | rN+ MR++ Str-5}
  8975 | D:15     | Found a staircase to the Depths.
  9265 | Lair:1   | Entered Level 1 of the Lair of Beasts
  9305 | Lair:2   | Found a hole to the Spider Nest.
  9443 | Lair:2   | Noticed Erica
  9460 | Lair:2   | Killed Erica
  9846 | Lair:2   | Found a staircase to the Swamp.
  9871 | Swamp:1  | Entered Level 1 of the Swamp
  9912 | Swamp:1  | You fall into a shaft and drop 1 floor!
 10335 | Swamp:4  | Entered Level 4 of the Swamp
 10424 | Swamp:4  | Reached skill level 15 in Axes
 10437 | Swamp:4  | Noticed a bone dragon
 10447 | Swamp:4  | Reached XP level 15. HP: 127/146 MP: 17/17
 10472 | Swamp:4  | Killed a bone dragon
 10526 | Swamp:4  | Got a decaying rune of Zot
 10797 | Spider:1 | Entered Level 1 of the Spider Nest
 11215 | Spider:4 | Entered Level 4 of the Spider Nest
 11216 | Spider:4 | Noticed an Executioner
 11243 | Spider:4 | Noticed Arachne
 11287 | Spider:4 | Killed Arachne
 11288 | Spider:4 | Reached XP level 16. HP: 159/159 MP: 14/14
 11496 | Spider:4 | Paralysed by a hornet for 3 turns
 12110 | Spider:4 | Got a gossamer rune of Zot
 12706 | Vaults:1 | Entered Level 1 of the Vaults
 12937 | Vaults:2 | Found a flickering gateway to a bazaar.
 12943 | Bazaar   | Entered a bazaar
 12957 | Bazaar   | Found Idoefiru's Gadget Shoppe.
 12957 | Bazaar   | Found Joistemp's Book Emporium.
 12978 | Bazaar   | Found Muaz's Antique Weapon Shoppe.
 12978 | Bazaar   | Found Osuo's Armour Emporium.
 12999 | Bazaar   | Found Utsesuon's Antique Armour Emporium.
 13003 | Bazaar   | Bought the +10 tower shield of Ignorance {rN+ Int-4} for
                  | 1146 gold pieces
 13003 | Bazaar   | Found the +10 tower shield of Ignorance {rN+ Int-4}
 13017 | Bazaar   | Bought a runed broad axe for 112 gold pieces
 13296 | Vaults:3 | Reached skill level 15 in Fighting
 13366 | Vaults:3 | Found a runed translucent gate.
 13366 | Vaults:3 | Found a runed translucent gate.
 13366 | Vaults:3 | Found a runed translucent gate.
 13366 | Vaults:3 | Noticed a lich
 13366 | Vaults:3 | Noticed Flugslaktarn's ghost (adept DDFi)
 13394 | Vaults:3 | Reached XP level 17. HP: 170/170 MP: 15/15
 13500 | Vaults:5 | Entered Level 5 of the Vaults
 13569 | Vaults:5 | Noticed a quicksilver dragon
 13584 | Vaults:5 | Reached skill level 15 in Invocations
 13592 | Vaults:5 | HP: 3/170 [stone giant (37)]
 13596 | Vaults:5 | Killed a quicksilver dragon
 13726 | Vaults:5 | Reached skill level 10 in Shields
 13893 | Vaults:5 | Noticed a titan
 13913 | Vaults:5 | Killed a titan
 13933 | Vaults:5 | Gained mutation: You passively map a large area around you.
                  | [Deep Dwarf growth]
 13933 | Vaults:5 | Reached XP level 18. HP: 84/181 MP: 14/14
 13998 | Vaults:5 | Identified the +8 quarterstaff of the Egg {holy, Dex+4}
 13998 | Vaults:5 | Identified the amulet of the Ladybird {Faith Str+6 Int+5
                  | Dex-3}
 14137 | Vaults:5 | Noticed a tentacled monstrosity
 14147 | Vaults:5 | Killed a tentacled monstrosity
 14318 | Vaults:5 | Identified the +3 hat "Cyvofer" {Int+2 SInv Stlth+} (You
                  | acquired it on level 5 of the Vaults)
 14367 | Vaults:5 | Noticed a lich
 14374 | Vaults:5 | Killed a lich
 14461 | Vaults:5 | Identified Giah's Almanac of Lightness and Dislocation
 14465 | Vaults:5 | Got a silver rune of Zot
 14717 | Depths:1 | Entered Level 1 of the Depths
 14921 | Depths:3 | Noticed an ancient lich
 14931 | Depths:3 | Killed an ancient lich
 14931 | Depths:3 | Reached XP level 19. HP: 149/190 MP: 13/13
 14970 | Depths:3 | Noticed a caustic shrike
 14981 | Depths:3 | Killed a caustic shrike
 15113 | Depths:3 | Noticed a golden dragon
 15121 | Depths:3 | Killed a golden dragon
 15199 | Depths:4 | Found a gateway to Hell.
 15228 | Depths:4 | Noticed Boris
 15232 | Depths:4 | Reached skill level 15 in Armour
 15244 | Depths:4 | Killed Boris
 15310 | Depths:5 | Entered Level 5 of the Depths
 15348 | Depths:5 | Noticed a caustic shrike
 15349 | Depths:5 | Noticed a caustic shrike
 15350 | Depths:5 | Noticed a caustic shrike
 15350 | Depths:5 | Noticed a caustic shrike
 15350 | Depths:5 | Noticed a caustic shrike
 15355 | Depths:5 | Killed a caustic shrike
 15363 | Depths:5 | Killed a caustic shrike
 15366 | Depths:5 | Killed a caustic shrike
 15369 | Depths:5 | Killed a caustic shrike
 15370 | Depths:5 | Killed a caustic shrike
 15454 | Depths:5 | Found a gate to the Realm of Zot.
 15462 | Depths:5 | Reached XP level 20. HP: 131/201 MP: 12/12
 15478 | Zot:1    | Entered Level 1 of the Realm of Zot
 15747 | Zot:2    | Reached skill level 15 in Shields
 15761 | Zot:2    | Identified the +4 dragonskin cloak
 15761 | Zot:2    | Noticed Tiamat
 15803 | Zot:2    | Killed Tiamat
 15965 | Zot:3    | Reached XP level 21. HP: 213/213 MP: 13/13
 16513 | Zot:5    | Entered Level 5 of the Realm of Zot
 16637 | Zot:5    | Noticed an ancient lich
 16639 | Zot:5    | Noticed a golden dragon
 16641 | Zot:5    | Gained mutation: You are frail. (-10% HP) [a cacodemon]
 16651 | Zot:5    | Killed a golden dragon
 16657 | Zot:5    | Noticed a Killer Klown
 16661 | Zot:5    | Killed an ancient lich
 16664 | Zot:5    | Noticed an orb of fire
 16668 | Zot:5    | Killed a Killer Klown
 16668 | Zot:5    | Noticed an orb of fire
 16687 | Zot:5    | Gained mutation: You tend to lose your temper in combat.
                  | [an orb of fire]
 16689 | Zot:5    | Killed an orb of fire
 16696 | Zot:5    | Killed an orb of fire
 16706 | Zot:5    | Noticed an orb of fire
 16707 | Zot:5    | Noticed a Killer Klown
 16711 | Zot:5    | Reached XP level 22. HP: 201/201 MP: 13/13
 16714 | Zot:5    | Noticed a Killer Klown
 16723 | Zot:5    | Killed an orb of fire
 16738 | Zot:5    | Noticed a Killer Klown
 16740 | Zot:5    | Noticed an ancient lich
 16744 | Zot:5    | Noticed a curse toe
 16747 | Zot:5    | Killed a Killer Klown
 16750 | Zot:5    | Noticed an ancient lich
 16762 | Zot:5    | Killed an ancient lich
 16767 | Zot:5    | Killed from afar by an ancient lich

Levels and vault maps discovered:
D:1:      minmay_arrival_checkered_box, layout_rooms, minmay_lizard_king
D:2:      layout_basic, kiku_gazebo_garden_becter, xom_teletrap_fun,
          fedhas_altar_1, uniq_jessica
D:3:      layout_loops_ring, tso_metal_star, gammafunk_temple_overflow_elements,
          grunt_dithmenos_smoke, uniq_grinder, uniq_sigmund
D:4:      layout_loops_ring, minmay_temple_entry_mist, first_ration,
          grunt_tough_drop, uniq_duvessa
D:5:      layout_basic, gammafunk_ghost_abyssal_escape, kennysheep_small_spiral,
          uniq_menkaure, uniq_ijyb
D:6:      layout_basic
D:7:      layout_basic, overflow_temple_1_default, serial_shops,
          nicolae_shop_behind_doors
D:8:      layout_rooms, erik_lair_dragon, serial_undead, serial_undead_d,
          serial_undead_b, serial_undead_b, serial_undead_d, the_bakery
D:9:      layout_loops_ring, zombieorc2_lemuel, enter_bailey_2
D:10:     layout_loops_cross, serial_shops, kennysheep_little_box, shop,
          shop_statue, shop_fountains, lemuel_flamethrower_2
D:11:     layout_basic, serial_glass, glass_columns_b, glass_columns_a,
          glass_columns_a, glass_columns_a, glass_columns_a, glass_columns_a,
          glass_columns_a, glass_columns_b, serial_shops, shop_statue, shop,
          nicolae_shop_behind_doors, kennysheep_mini, nicolae_shop_stone
D:12:     wander_kiku_kobolds, layout_cave_pools, grunt_ministairs_9
D:13:     layout_irregular_city, skrybe_limestone_x, uniq_jorgrun, uniq_sonja,
          uniq_rupert
D:14:     layout_rooms, grunt_vaults_entry_tiered, serial_shops,
          nicolae_shop_behind_doors, zin_angel, uniq_louise, uniq_snorg,
          uniq_nessos
D:15:     grunt_enter_depths_magical_seal, layout_loops_ring,
          grunt_decor_one_mirror, gammafunk_ghost_spectres
Temple:   regret_index_temple_waves
Lair:1:   layout_hall_layers
Lair:2:   layout_cave_pods, skrybe_swamp_entry_bodies, dummy_spider_entry,
          uniq_erica
Swamp:1:  layout_basic_swamp, portal_ice_cave_entry_dragon,
          nicolae_swamp_triple_paths, infiniplex_staircase_pool_2
Swamp:2:  layout_falls_marsh, infiniplex_staircase_pool
Swamp:3:  layout_falls_marsh, nicolae_swamp_feature_on_the_river_bank,
          grunt_witch_cave
Swamp:4:  swamp_pestilence, layout_basic_swamp, swamp_pool1, uniq_bai_suzhen
Spider:1: layout_spider_delve
Spider:2: layout_spider_delve
Spider:3: layout_spider_delve
Spider:4: floodkiller_spider_rune_tomb, nicolae_arachne_temple
Vaults:1: grunt_vaults_swirl, hangedman_vaults_hard_town_square,
          hangedman_vaults_impose, v_misc_26, vaults_room_stairs_pillars,
          vaults_room_octagon, hangedman_vaults_maws, v_misc_26,
          hangedman_vaults_nails, vaults_mumra_hex, grunt_vaults_hallway_short,
          layout_vaults_omnigrid
Vaults:2: nicolae_vaults_disjoint_gnomons, ontoclasm_vaults_shuriken,
          minmay_crypt_entry_vampire_xt, v_misc_5, vaults_mumra_chevron_long,
          v_rooms_6, grunt_vaults_hallway_short, ontoclasm_vaults_fault,
          vaults_dpeg_encased_lava, vaults_room_fancy_cross,
          ontoclasm_vaults_misaligned, vaults_standard_mumra_x,
          vaults_dpeg_hooks, nicolae_vaults_meeting, hangedman_vaults_capsules,
          v_misc_24, layout_vaults_maze_snakey, serial_shops, bzr_in_the_mist
Vaults:3: gammafunk_vaults_ghost_split, v_misc_18, grunt_vaults_hallway_short,
          v_alt_pattern_4, nicolae_vaults_alarming,
          nicolae_vaults_halls_meeting, v_misc_24, grunt_vaults_funnel,
          serial_ice_m, layout_vaults_omnicross
Vaults:4: nicolae_vaults_quartermaster, ontoclasm_vaults_idyll,
          vaults_dpeg_cross, nicolae_vaults_little_squares_1, v_misc_27,
          nicolae_vaults_ninety_degrees, v_rooms_5, v_rooms_1, v_misc_17,
          vaults_mumra_lcd, vaults_room_door_hall, vaults_mumra_minichess,
          vaults_dpeg_diagonal, vaults_room_pool, vaults_room_pool,
          layout_vaults_omnibox
Vaults:5: serial_shops
Depths:1: layout_cave_pools, serial_bayou_shore_a, grunt_mini_vestibule,
          minmay_crystal_room, grunt_decor_fettered, kennysheep_cluttered_room,
          drop_trap, hangedman_corner_corridor
Depths:2: kennysheep_funnel, layout_cave_pools, enter_ziggurat_a,
          hangedman_geh_valley, serial_bayou_shore_b,
          infiniplex_staircase_door_maze
Depths:3: hangedman_crystal_crosses_colossus [crystal_crosses_arms_four,
          crystal_crosses_arms_four, crystal_crosses_arms_two,
          crystal_crosses_arms_one], abyss_entry, pan_entry, serial_shops,
          hell_entry
Depths:4: hangedman_cross_stitches, layout_cave_shapes, hell_entry,
          chequers_serial_rivers_micro_b, serial_shops, shop, abyss_entry,
          infiniplex_staircase_spiral_double, uniq_margery, uniq_boris
Depths:5: grunt_twist_and_shout, layout_cave_pools, hangedman_abyss_entry_splay,
          hangedman_abyss_or_decor_jellyfish_corner, grunt_hell_entry_dis_grunt,
          st_stairs_5
Zot:1:    layout_onion, grunt_ministairs_7, st_stairs_7, st_small_dragon_hoard_4
Zot:2:    layout_misc_corridors, uniq_tiamat
Zot:3:    layout_gridville
Zot:4:    kennysheep_blocky_room, layout_onion_interference, grunt_ministairs_7,
          st_stairs_6
Zot:5:    layout_misc_corridors, drop_trap

Skill      XL: |  1  2  3  4  5  6  7  8  9 10 11 12 13 14 15 16 17 18 19 20 21 22 |
---------------+-------------------------------------------------------------------+-----
Fighting       | 3 4 5 6 7 8 9 11 12 13 14 15 16 17 18 19 | 19.4
Dodging        | 1 2 3 4 5 6 7 9 10 11 12 | 12.7
Axes           | 3 4 5 6 8 9 11 12 13 15 16 17 18 19 | 19.9
Armour         | 4 5 6 7 8 9 10 11 12 13 14 15 16 17 | 17.0
Shields        | 4 5 6 7 10 12 14 15 17 | 17.5
Invocations    | 2 4 5 6 8 10 11 12 13 14 15 16 17 18 19 | 19.1

Action                   |  1- 3 |  4- 6 |  7- 9 | 10-12 | 13-15 | 16-18 | 19-21 | 22-24 || total
-------------------------+-------+-------+-------+-------+-------+-------+-------+-------++-------
Melee: War axe           |   107 |    81 |   390 |   234 |       |       |       |       ||   812
       Battleaxe         |       |       |       |   406 |   792 |   273 |       |       ||  1471
       Headbutt          |       |       |       |    17 |   202 |   213 |   128 |    12 ||   572
       Broad axe         |       |       |       |       |       |   530 |   532 |    51 ||  1113
Invok: Lesser Servant of |       |       |       |    12 |    11 |    11 |       |       ||    34
       Greater Servant o |       |       |       |       |    10 |    14 |     7 |       ||    31
 Abil: Heal Wounds       |     2 |     7 |    16 |    19 |    19 |    24 |    15 |     3 ||   105
Evoke: Wand              |       |       |       |     7 |       |       |       |       ||     7
  Use: Scroll            |       |       |    11 |    16 |     4 |     9 |     6 |       ||    46
       Potion            |       |       |     1 |     1 |     8 |     4 |     7 |       ||    21
 Stab: Confused          |       |       |       |     3 |       |     2 |       |       ||     5
       Distracted        |       |       |       |       |     5 |     8 |    10 |     1 ||    24
       Held in net/web   |       |       |       |       |       |     1 |       |       ||     1
  Eat: Chunk             |       |       |    10 |    18 |     9 |     6 |     6 |       ||    49
       Ration            |       |       |       |     2 |     1 |     2 |     3 |       ||     8
Armor: Scale mail        |    59 |    41 |    31 |       |       |       |       |       ||   131
       Chain mail        |       |       |   151 |   184 |       |       |       |       ||   335
       Fire dragon scale |       |       |       |   247 |   859 |   409 |    17 |       ||  1532
       Gold dragon scale |       |       |       |       |       |       |   180 |     8 ||   188
Dodge: Dodged            |    33 |    51 |   129 |   519 |   972 |   420 |   111 |     1 ||  2236
       Deflected         |       |       |       |    23 |    11 |    25 |       |       ||    59
Block: Kite shield       |    67 |    67 |   235 |   160 |       |       |       |       ||   529
       Tower shield      |       |       |       |       |       |   701 |   629 |    31 ||  1361

Table legend:
 A = Non-vault XP
 B = Vault XP
 C = Vault XP percentage of total XP
 D = Non-vault monster count
 E = Vault monster count
 F = Vault count percentage of total count
                 A         B        C        D         E       F
            +---------+---------+-------+---------+---------+-------
      Total |  350385 |  406536 |  53.7 |     820 |     530 |  39.3
            +---------+---------+-------+---------+---------+-------
        D:1 |      23 |       9 |  28.1 |      11 |       7 |  38.9
        D:2 |       9 |       0 |   0.0 |       6 |       0 |   0.0
        D:3 |      25 |       0 |   0.0 |       5 |       0 |   0.0
        D:4 |     573 |     270 |  32.0 |      19 |       4 |  17.4
        D:5 |     637 |     207 |  24.5 |      28 |       2 |   6.7
        D:6 |    1033 |       0 |   0.0 |      18 |       0 |   0.0
        D:7 |     771 |       0 |   0.0 |      15 |       0 |   0.0
        D:8 |    1985 |    1322 |  40.0 |      37 |      12 |  24.5
        D:9 |    5206 |    1020 |  16.4 |      39 |      36 |  48.0
       D:10 |     692 |       0 |   0.0 |       6 |       0 |   0.0
       D:11 |    3849 |       0 |   0.0 |      35 |       0 |   0.0
       D:12 |    4670 |    1191 |  20.3 |      41 |      52 |  55.9
       D:13 |    3657 |    5420 |  59.7 |      21 |       3 |  12.5
       D:14 |   14186 |   10531 |  42.6 |      40 |      27 |  40.3
       D:15 |    9030 |    7369 |  44.9 |      28 |      10 |  26.3
     Lair:1 |     713 |       0 |   0.0 |       3 |       0 |   0.0
     Lair:2 |    3030 |    1204 |  28.4 |      14 |       2 |  12.5
    Swamp:1 |    2520 |       0 |   0.0 |      10 |       0 |   0.0
    Swamp:2 |    9752 |       0 |   0.0 |      24 |       0 |   0.0
    Swamp:3 |    4695 |    3628 |  43.6 |      14 |       4 |  22.2
    Swamp:4 |    1454 |   14865 |  91.1 |       7 |      44 |  86.3
   Spider:1 |   10129 |       0 |   0.0 |      44 |       0 |   0.0
   Spider:2 |   12396 |       0 |   0.0 |      34 |       0 |   0.0
   Spider:3 |    7614 |       0 |   0.0 |      33 |       0 |   0.0
   Spider:4 |   12272 |   33292 |  73.1 |      47 |      93 |  66.4
   Vaults:1 |    2514 |     620 |  19.8 |       3 |       2 |  40.0
   Vaults:2 |    1328 |    1589 |  54.5 |       2 |       3 |  60.0
   Vaults:3 |   17091 |     670 |   3.8 |      18 |       2 |  10.0
   Vaults:4 |   10908 |       0 |   0.0 |      13 |       0 |   0.0
   Vaults:5 |   30187 |   84169 |  73.6 |      48 |      76 |  61.3
   Depths:1 |   12129 |       0 |   0.0 |      22 |       0 |   0.0
   Depths:2 |    4813 |       0 |   0.0 |      15 |       0 |   0.0
   Depths:3 |       0 |   48558 | 100.0 |       0 |      32 | 100.0
   Depths:4 |    6370 |   20372 |  76.2 |      14 |      13 |  48.1
   Depths:5 |   34503 |   10611 |  23.5 |      18 |       8 |  30.8
      Zot:1 |   29243 |   10383 |  26.2 |      21 |       7 |  25.0
      Zot:2 |   19642 |   26112 |  57.1 |      16 |      14 |  46.7
      Zot:3 |   42507 |       0 |   0.0 |      31 |       0 |   0.0
      Zot:4 |    8984 |       0 |   0.0 |       8 |       0 |   0.0
      Zot:5 |   19245 |  119442 |  86.1 |      12 |      33 |  73.3
     Bailey |       0 |    3682 | 100.0 |       0 |      44 | 100.0
            +---------+---------+-------+---------+---------+-------
